 Dungeon Crawl Stone Soup version 0.22-b1-21-g5cfc168 (webtiles) character file.

56 tyranidshit the Skirmisher (level 3, 0/31 HPs)
             Began as a Demonspawn Abyssal Knight on Aug 2, 2018.
             Was a Follower of Lugonu.
             Succumbed to a gnoll's poison
             ... on level 2 of the Dungeon.
             The game lasted 00:03:36 (1212 turns).

tyranidshit the Skirmisher (DsAK)                   Turns: 1212, Time: 00:03:36

Health: 0/31       AC: 10    Str: 13    XL:     3   Next: 69%
Magic:  1/4        EV:  6    Int: 13    God:    Lugonu [*.....]
Gold:   51         SH:  0    Dex: 12    Spells: 2/2 levels left

rFire    . . .     SeeInvis .   a - +1 hand axe
rCold    . . .     Gourm    .   (no shield)
rNeg     + . .     Faith    .   f - +0 chain mail
rPois    .         Spirit   +   (no helmet)
rElec    .         Reflect  .   (no cloak)
rCorr    .         Harm     .   (no gloves)
MR       .....                  h - +1 pair of boots
Stlth    ..........             (no amulet)
HPRegen  0.10/turn              e - ring of positive energy
MPRegen  0.09/turn              (no ring)

@: lethally poisoned (0 -> -7)
A: demonic guardian 1, magic shield
a: Depart the Abyss, Renounce Religion


You were on level 2 of the Dungeon.
You worshipped Lugonu.
Lugonu was aware of your devotion.
You were very hungry.

You visited 1 branch of the dungeon, and saw 2 of its levels.
You visited the Abyss 1 time.

You collected 51 gold pieces.

Inventory:

Hand Weapons
 a - a +1 hand axe (weapon)
Armour
 b - a +0 leather armour
 f - a +0 chain mail (worn)
 h - a +1 pair of boots (worn)
Jewellery
 e - a ring of positive energy (left hand)
Scrolls
 d - a scroll of identify
 g - a scroll of magic mapping
Comestibles
 c - a ration


   Skills:
 + Level 4.7 Fighting
 - Level 1.7 Axes
 - Level 1.7 Armour
 - Level 0.8 Dodging
 - Level 2.4 Invocations


You had 2 spell levels left.
You didn't know any spells.
Your spell library contained the following spells:

 Spells                   Type           Power        Failure   Level  Hunger
 Spider Form              Tmut/Pois      #.........   100%        3    ####...
 Blade Hands              Tmut           #.........   100%        5    ######.
 Ice Form                 Ice/Tmut       #.......     100%        4    #####..
 Sticks to Snakes         Tmut           #.......     100%        2    ###....
 Beastly Appendage        Tmut           #.....       100%        1    ##.....


Dungeon Overview and Level Annotations

Branches:
Dungeon (2/15)

Altars:


Innate Abilities, Weirdness & Mutations

A weak demonic guardian rushes to your aid.
When hurt, damage is shared between your health and your magic reserves.


Message History

* * * LOW HITPOINT WARNING * * *
You feel sick.
You swap places.
* * * LOW HITPOINT WARNING * * *
You feel sick.
Your shadow imp hits the gnoll.
You aren't carrying any potions.
Unknown command.
You aren't carrying any potions.
* * * LOW HITPOINT WARNING * * *
You feel sick.
The gnoll barely misses your shadow imp.
Your shadow imp barely misses the gnoll.
* * * LOW HITPOINT WARNING * * *
You feel sick.
Your shadow imp hits the gnoll.
* * * LOW HITPOINT WARNING * * *
You feel sick.
Unknown command.
* * * LOW HITPOINT WARNING * * *
You feel sick.
You die...

### ############## #..
.............# #####.#
####.#.####.#
...##.######.###@###.#
##.##.......## ##.##.#
.......#####)###.###.#
##.##.## ##.#.## #.#
#.##.# ##5## #.#
##.##.# #.# #.#
......# #.# #.#
##.#### #g# #.# ...#
#g# #.#


There were no monsters in sight!

Vanquished Creatures
  An ooze (D:1)
  A dart slug (D:1)
  2 leopard geckos (D:1)
  A ball python (D:1)
  3 giant cockroaches
  6 goblins
  8 hobgoblins
  2 jackals (D:2)
  4 bats
  A frilled lizard (D:1)
  8 kobolds
  6 rats
43 creatures vanquished.

Vanquished Creatures (collateral kills)
  A quokka (D:2)
1 creature vanquished.

Grand Total: 44 creatures vanquished

Notes
Turn   | Place    | Note
-------+----------+-------------------------------------------
     0 | Abyss:1  | tyranidshit the Demonspawn Abyssal Knight began the quest for the Orb.
     0 | Abyss:1  | Reached XP level 1. HP: 18/18 MP: 2/2
    71 | Abyss:1  | Noticed a small abomination
    72 | Abyss:1  | Noticed an ancient zyme
    74 | D:1      | Escaped the Abyss
   190 | D:1      | Gained mutation: A weak demonic guardian rushes to your aid. [demonic ancestry]
   190 | D:1      | Reached XP level 2. HP: 4/24 MP: 3/3
   191 | D:1      | Reached * piety under Lugonu
   354 | D:1      | Reached skill level 4 in Fighting
   401 | D:1      | Gained mutation: When hurt, damage is shared between your health and your magic reserves. [demonic ancestry]
   401 | D:1      | Reached XP level 3. HP: 16/30 MP: 4/4
  1211 | D:2      | HP: 1/31 [poisoned by a gnoll]
  1212 | D:2      | Succumbed to a gnoll's poison

Skill      XL: |  1  2 |
---------------+-------+-----
Fighting       | 4 |  4.7
Axes           | |  1.7
Armour         | |  1.7
Dodging        | |  0.8
Invocations    | |  2.4

Action                   || total
-------------------------++-------
Melee: Hand axe          ||   114
Invok: Depart the Abyss  ||     1
  Use: Potion            ||     4
       Scroll            ||     4
Armor: Leather armour    ||    34
       Skin              ||     4
       Chain mail        ||    30
Dodge: Dodged            ||    85
